 Dungeon Crawl Stone Soup version 0.28.0-53-g5a82cb258f (webtiles) character file.

Game seed: 9599986371499605195

1034 Zeld the Magician (level 8, -8/41 HPs)
             Began as a Deep Elf Fire Elementalist on May 22, 2022.
             Mangled by a black bear (9 damage)
             ... on level 4 of the Dungeon.
             The game lasted 00:06:59 (5913 turns).

Zeld the Magician (Deep Elf Fire Elementalist)      Turns: 5913, Time: 00:07:00

Health: -8/41      AC:  3    Str:  5    XL:     8   Next: 3%
Magic:  9/20       EV: 14    Int: 23    God:
Gold:   130        SH:  0    Dex: 15    Spells: 12/21 levels left

rFire   + . .      SeeInvis .   a - +0 dagger (speed)
rCold   + . .      Faith    .   (no shield)
rNeg    . . .      Spirit   .   j - +0 robe {rC+ rF+}
rPois   +          Reflect  .   (no helmet)
rElec   .          Harm     .   c - +0 cloak
rCorr   .          Rampage  .   (no gloves)
Will    .....                   (no boots)
Stlth   ++........              (no amulet)
HPRegen 0.13/turn               k - ring of poison resistance
MPRegen 0.17/turn               (no ring)

@: no status effects
A: no striking features
a: no special abilities


You were on level 4 of the Dungeon.
You visited 1 branch of the dungeon, and saw 5 of its levels.
You also visited: Sewer.

You collected 306 gold pieces.
You spent 176 gold pieces at shops.

Inventory:

Hand Weapons
 a - a +0 dagger of speed (weapon)
Armour
 c - a +0 cloak (worn)
 j - a +0 robe of resistance (worn)
Jewellery
 k - a ring of poison resistance (left hand)
Wands
 t - a wand of mindburst (12)
 u - a wand of flame (16)
Scrolls
 e - 4 scrolls of blinking {unknown}
 f - 3 scrolls of teleportation
 h - 3 scrolls of identify {unknown}
 i - 2 scrolls of immolation {unknown}
 l - a scroll of fear {unknown}
 o - a scroll of magic mapping {unknown}
 p - a scroll of summoning {unknown}
 s - 2 scrolls of fog {unknown}
 v - a scroll of enchant weapon {unknown}
Potions
 b - 4 potions of heal wounds {unknown}
 d - 2 potions of cancellation {unknown}
 g - 4 potions of curing {unknown}
 m - 4 potions of flight
 n - a potion of attraction {unknown}
 q - a potion of mutation {unknown}
 r - 2 potions of ambrosia
 w - a potion of berserk rage {unknown}
 x - a potion of invisibility {unknown}


   Skills:
 + Level 4.9 Dodging
 - Level 2.4 Stealth
 * Level 7.1 Spellcasting
 + Level 3.9 Conjurations
 - Level 4.0 Hexes
 * Level 6.4 Fire Magic


You had 12 spell levels left.
You knew the following spells:

 Your Spells              Type           Power      Damage    Failure   Level
a - Foxfire               Conj/Fire      100%       2x1d9     1%          1
b - Scorch                Fire           74%        2d8       1%          2
c - Inner Flame           Hex/Fire       32%        N/A       2%          3
z - Tukima's Dance        Hex            26%        N/A       4%          3

Your spell library contained the following spells:

 Spells                   Type           Power      Damage    Failure   Level
 Conjure Flame            Conj/Fire      32%        6-21      2%          3
 Flame Wave               Conj/Fire      32%        2d8       9%          4
 Ozocubu's Armour         Ice            8%         N/A       22%         3
 Passage of Golubria      Tloc           8%         N/A       58%         4
 Metabolic Englaciation   Hex/Ice        8%         N/A       67%         5
 Yara's Violent Unravell  Hex/Tmut       8%         3d5       67%         5
 Simulacrum               Ice/Necr       4%         N/A       100%        6


Dungeon Overview and Level Annotations

Branches:
Dungeon (5/15)              Sewer (visited)
 Temple: D:4-7

Altars:
Elyvilon

Shops:
D:3 *


Message History

The black bear is almost dead.
The orc is no longer more vulnerable to fire.
The black bear goes berserk!
Unknown command.
Casting: Scorch (safe; 1% risk of failure)
Confirm with . or Enter, or press ? or * to list all spells.
Flames lash the orc.
You kill the orc!
The black bear bites you. The black bear barely misses you.
The black bear misses you.
Training target 4.0 for Hexes reached!
Your Hexes skill increases to level 4!
Casting: Scorch (safe; 1% risk of failure)
Confirm with . or Enter, or press ? or * to list all spells.
Flames lash the orc priest.
The orc priest is severely wounded.
The orc priest's fire resistance burns away.
The black bear misses you.
The black bear claws you but does no damage.
The black bear claws you. The black bear bites you!
The black bear barely misses you. The black bear claws you.
The orc priest mumbles some strange prayers to Beogh against you.
Pain shoots through your body!
* * * LOW HITPOINT WARNING * * *
The black bear bites you.
* * * LOW HITPOINT WARNING * * *
The black bear claws you.
* * * LOW HITPOINT WARNING * * *
The black bear barely misses you.
You climb upwards.
Reactivating autopickup.
There is a stone staircase leading down here.
Unknown command.
Unknown command.
Casting: Scorch (safe; 1% risk of failure)
Confirm with . or Enter, or press ? or * to list all spells.
Flames lash the orc priest.
The orc priest is burned terribly!
The orc priest is almost dead.
The black bear bites you!
You die...

#..............#........#####..
#####.<........#........#.....#
########รท.......................#
..##......................#######
........................(.###
............................#
...............<.........##.#####
......(.........h........##......
............[...@.........#######
...............o.#....##..##
..............)......#.....######
........>.#.).[..................
..##.....####................####
########## #.[.............>#
#................#
#................#
#................#


You could see a black bear (berserk, combustible) and an orc priest
(combustible).

Vanquished Creatures
  Grinder (D:4)
  Sigmund (D:2)
  An orc warrior (D:3)
  A black bear (D:4)
  A necrophage (D:3)
  A howler monkey (D:5)
  A jelly (D:5)
  An orc priest (D:3)
  An iguana (D:5)
  A merfolk siren (Sewer)
  An orc wizard (D:3)
  A merfolk avatar (Sewer)
  6 adders
  A river rat (Sewer)
  A white imp (D:5)
  A worm (D:3)
  3 dart slugs
  11 orcs
  18 ball pythons
  7 endoplasms
  6 giant cockroaches
  A goblin (D:1)
  5 hobgoblins
  9 jackals
  9 kobolds
  3 quokkas
  3 bats
  7 frilled lizards
  24 rats
127 creatures vanquished.

Vanquished Creatures (others)
  A dancing weapon (D:3)
  40 foxfires
41 creatures vanquished.

Grand Total: 168 creatures vanquished

Notes
Turn   | Place    | Note
-------+----------+-------------------------------------------
     0 | D:1      | Zeld the Deep Elf Fire Elementalist began the quest for the
                  | Orb.
     0 | D:1      | Reached XP level 1. HP: 10/10 MP: 6/6
   267 | D:1      | Reached XP level 2. HP: 15/15 MP: 1/8
   274 | D:1      | Learned a level 2 spell: Scorch
  1195 | D:2      | Reached XP level 3. HP: 19/19 MP: 7/10
  1199 | D:2      | Learned a level 3 spell: Inner Flame
  1203 | D:2      | Learned a level 3 spell: Tukima's Dance
  1663 | D:2      | Found a white marble altar of Elyvilon.
  1923 | D:2      | Reached skill level 4 in Spellcasting
  1970 | D:2      | Noticed Sigmund
  1976 | D:2      | Killed Sigmund
  1977 | D:2      | Reached skill level 1 in Hexes
  1977 | D:2      | Reached XP level 4. HP: 24/24 MP: 2/12
  1977 | D:2      | Reached XP level 5. HP: 28/28 MP: 2/14
  2085 | D:2      | Reached skill level 5 in Spellcasting
  2342 | D:3      | Found a faded altar of an unknown god.
  2376 | D:3      | Noticed a necrophage
  2381 | D:3      | Killed a necrophage
  2382 | D:3      | Reached XP level 6. HP: 32/32 MP: 8/15
  2663 | D:3      | Reached skill level 5 in Fire Magic
  2759 | D:3      | Noticed an orc warrior
  3307 | D:4      | Noticed Grinder
  3309 | D:4      | Paralysed by Grinder for 7 turns
  3324 | D:4      | Paralysed by Grinder for 3 turns
  3337 | D:4      | Paralysed by Grinder for 2 turns
  3346 | D:4      | Killed Grinder
  3347 | D:4      | Reached skill level 6 in Spellcasting
  3347 | D:4      | Reached XP level 7. HP: 13/36 MP: 1/18
  3585 | D:4      | Found a glowing drain.
  3594 | Sewer    | Entered a sewer
  4880 | D:3      | Found Behyasy's General Store.
  4885 | D:3      | Bought a potion of ambrosia for 88 gold pieces
  4885 | D:3      | Bought a potion of ambrosia for 88 gold pieces
  5527 | D:4      | Identified the +4 whip of Ywkuiw {antimagic, rN+ Will+}
  5622 | D:4      | Found a white marble altar of Elyvilon.
  5733 | D:5      | Entered Level 5 of the Dungeon
  5736 | D:5      | Reached skill level 7 in Spellcasting
  5770 | D:5      | Reached XP level 8. HP: 41/41 MP: 11/20
  5911 | D:5      | HP: 1/41 [black bear (4)]
  5913 | D:4      | Mangled by a black bear

Illustrated notes

Levels and vault maps discovered:
D:1:      ebering_trefoil_3fold, layout_loops_ring
D:2:      minmay_door_path, layout_basic, basic_altar, uniq_sigmund
D:3:      layout_basic, serial_shops, shop, ebering_ecumenical_altar_ruins
D:4:      layout_rooms, elyvilon_altar_3, portal_sewer_entry_d, uniq_grinder
D:5:      layout_cave_pools, minmay_temple_entry_wispy, st_stairs_6,
          supply_closet_lemuel, uniq_ijyb, uniq_edmund

Skill      XL: |  1  2  3  4  5  6  7  8 |
---------------+-------------------------+-----
Dodging        | 3 4 |  4.9
Spellcasting   | 4 5 6 7 |  7.1
Conjurations   | 2 3 |  3.9
Hexes          | 1 2 3 4 |  4.0
Fire Magic     | 4 5 6 |  6.4
Stealth        | |  2.4

Action                   |  1- 3 |  4- 6 |  7- 9 || total
-------------------------+-------+-------+-------++-------
Melee: Dagger            |     2 |    13 |    29 ||    44
 Cast: Foxfire           |    26 |     2 |     2 ||    30
       Scorch            |    39 |    43 |    86 ||   168
       Tukima's Dance    |       |     5 |     9 ||    14
Armor: Robe              |     5 |     1 |    14 ||    20
Dodge: Dodged            |    11 |    24 |    40 ||    75
